 Dungeon Crawl Stone Soup version 0.29.0-13-gc9e81de378 (webtiles) character file.

Game seed: 10949309963598599247

53 NinjaNoafa the Grave Robber (level 3, -1/19 HPs)
             Began as a Deep Elf Necromancer on Sept 7, 2022.
             Killed from afar by Robin (2 damage)
             ... with a puff of flame
             ... on level 2 of the Dungeon.
             The game lasted 00:04:16 (1003 turns).

NinjaNoafa the Grave Robber (Deep Elf Necromancer)  Turns: 1003, Time: 00:04:17

Health: -1/19      AC:  2    Str:  5    XL:     3   Next: 64%
Magic:  0/10       EV: 12    Int: 21    God:
Gold:   79         SH:  0    Dex: 15    Spells: 6/10 levels left

rFire   . . .      SeeInvis .   i - +0 rapier
rCold   . . .      Faith    .   (no shield)
rNeg    . . .      Spirit   .   a - +0 robe
rPois   .          Reflect  .   (no helmet)
rElec   .          Harm     .   (no cloak)
rCorr   .          Rampage  .   (no gloves)
Will    .....                   (no boots)
Stlth   ++........              (no amulet)
HPRegen 0.06/turn               (no ring)
MPRegen 0.12/turn               (no ring)

@: hasted, very quick
A: no striking features
a: no special abilities


You were on level 2 of the Dungeon.
You visited 1 branch of the dungeon, and saw 2 of its levels.

You collected 79 gold pieces.

Inventory:

Hand Weapons
 i - a +0 rapier (weapon)
Missiles
 e - 28 stones
Armour
 a - a +0 robe (worn)
Scrolls
 d - a scroll of enchant weapon {unknown}
 f - a scroll of summoning {unknown}
 g - a scroll of teleportation {unknown}
 j - a scroll of identify {unknown}
 k - a scroll of amnesia {unknown}


   Skills:
 - Level 2.4 Dodging
 - Level 2.4 Stealth
 + Level 4.0 Spellcasting
 + Level 6.0 Necromancy


You had 6 spell levels left.
You knew the following spells:

 Your Spells              Type           Power      Damage    Failure   Level
a - Necrotise             Necr           100%       1d9       1%          1
b - Vampiric Draining     Necr           29%        2d8       3%          3

Your spell library contained the following spells:

 Spells                   Type           Power      Damage    Failure   Level
 Animate Dead             Necr           29%        N/A       10%         4
 Agony                    Necr           29%        N/A       28%         5


Dungeon Overview and Level Annotations

Branches:
Dungeon (2/15)

Altars:

Shops:
D:1 (=[

Annotations:
D:2 Robin


Message History

Robin hits you from afar with a +0 trident.
The goblin closely misses you.
Casting: Vampiric Draining (quite dangerous; 3% risk of failure)
Confirm with . or Enter, or press ? or * to list all spells.
Aiming: Necrotise (safe; 1% risk of failure)
Press: ? - help, Shift-Dir - straight line, f - Robin
Aim: Robin, wielding a +0 trident, wearing a +0 animal skin, wearing a +0 helmet and carrying a wand of flame (23) (chance to affect: 88%) Robin writhes in agony!
Robin closely misses you. The hobgoblin closely misses you.
The goblin barely misses you. Robin barely misses you.
The hobgoblin barely misses you.
The goblin unwields a +0 club.
The goblin wields a +0 sling.
The goblin shoots a sling bullet.
The sling bullet misses you.
Things that are here:
a +0 club; a +0 dagger Unknown command.
Casting: Necrotise (safe; 1% risk of failure)
Confirm with . or Enter, or press ? or * to list all spells.
Aiming: Necrotise (safe; 1% risk of failure)
Press: ? - help, Shift-Dir - straight line, f/p - Robin
Aim: Robin, wielding a +0 trident, wearing a +0 animal skin, wearing a +0 helmet and carrying a wand of flame (23) (heavily wounded, chance to affect: 88%) Robin writhes in agony.
The hobgoblin hits you.
Robin says, "Kneel, worm!"
Robin hits you with a +0 trident.
* * * LOW HITPOINT WARNING * * *
The goblin shoots a sling bullet.
The sling bullet closely misses you.
You feel better. The hobgoblin hits you. Robin hits you with a +0 trident!
* * * LOW HITPOINT WARNING * * *
It was a potion of haste.
You feel yourself speed up.
The hobgoblin hits you but does no damage.
Robin barely misses you.
The goblin unwields a +0 sling.
The goblin wields a +0 club.
The goblin hits you but does no damage.
You hit Robin.
Robin is almost dead.
Robin closely misses you. The hobgoblin hits you.
* * * LOW HITPOINT WARNING * * *
The goblin barely misses you.
You barely miss Robin.
Robin is almost dead.
Robin zaps a wand.
The puff of flame hits you.
You die...

#.#.... ###...#. # #
...#.#. .#. .....#... #
....#'##.. . ......... #.
#)g......
.##.####@#...........#
......#gg...........#
##....#.#.".........# #
.........####........##.#
...#(.#..#######........#
.......>.....###........#
..#.....................
. #..............†## ##
#...............#####.


You could see Robin, a hobgoblin and a goblin (strong).

Vanquished Creatures
  A worm (D:2)
  A dart slug (D:1)
  3 ball pythons
  3 bats
  4 endoplasms
  2 giant cockroaches
  6 goblins
  5 hobgoblins
  4 jackals (D:1)
  3 kobolds (D:1)
  4 frilled lizards
  4 rats (D:1)
40 creatures vanquished.

Vanquished Creatures (collateral kills)
  A goblin (D:1)
1 creature vanquished.

Grand Total: 41 creatures vanquished

Notes
Turn   | Place    | Note
-------+----------+-------------------------------------------
     0 | D:1      | NinjaNoafa the Deep Elf Necromancer began the quest for the
                  | Orb.
     0 | D:1      | Reached XP level 1. HP: 10/10 MP: 6/6
    17 | D:1      | Reached skill level 5 in Necromancy
   119 | D:1      | Reached XP level 2. HP: 15/15 MP: 5/8
   152 | D:1      | Found Wonemum's Armour Shop.
   196 | D:1      | Found Ucuga Yturuv's Jewellery Emporium.
   226 | D:1      | Found a faded altar of an unknown god.
   298 | D:1      | Found Pariwaado's Weapon Shoppe.
   541 | D:1      | Reached XP level 3. HP: 19/19 MP: 8/10
   560 | D:1      | Learned a level 3 spell: Vampiric Draining
   908 | D:2      | Noticed Robin
   992 | D:2      | Reached skill level 6 in Necromancy
  1003 | D:2      | Killed from afar by Robin

Illustrated notes

Levels and vault maps discovered:
D:1:      saegor_arrival_simple_d, layout_rooms, serial_shops,
          nicolae_diamond_shop, nicolae_shop_hallway_plus, shop,
          nicolae_ecumenical_lake_church, chequers_serial_rivers_large_a,
          minmay_small_reverse_x
D:2:      layout_basic, uniq_robin

Skill      XL: |  1  2  3 |
---------------+----------+-----
Necromancy     | 5 6 |  6.0
Spellcasting   | 4 |  4.0
Dodging        | |  2.4
Stealth        | |  2.4

Action                   || total
-------------------------++-------
Melee: Rapier            ||    16
 Cast: Necrotise         ||    52
       Vampiric Draining ||     4
  Use: Potion            ||     4
Armor: Robe              ||     4
Dodge: Dodged            ||    35
